 Dungeon Crawl Stone Soup version 0.32-a0-290-g598725c5f2 (webtiles) character file.

Game seed: 1142671975570793921

83 IdlyInterested the Ruffian (level 4, -3/33 HPs)
             Began as an Octopode Fighter on Feb 13, 2024.
             Slain by Terence
             ... wielding a +0 short sword of venom
              (5 damage)
             ... on level 2 of the Dungeon.
             The game lasted 00:03:30 (906 turns).

IdlyInterested the Ruffian (Octopode Fighter)        Turns: 906, Time: 00:03:30

Health: -3/33      AC:  1    Str: 15    XL:     4   Next: 44%
Magic:  4/4        EV: 13    Int: 10    God:
Gold:   60         SH:  4    Dex: 13    Spells: 3/3 levels left

rFire   . .          .
                       - Unarmed
rCold   . . .        a - +0 buckler
rNeg    + . .        (helmet restricted)
rPois   .            (no amulet)
rElec   .            h - ring of positive energy
rCorr   .            (no ring)
SInv    .            (no ring)
Will    .....        (no ring)
Stlth   ++           (no ring)
HPRegen 0.25/turn    (no ring)
MPRegen 0.09/turn    (no ring)
                     (no ring)

%: no passive effects
@: lethally poisoned (-3 -> -21)
A: almost no armour, amphibious, 8 rings, camouflage 1, gelatinous body 1,
(nimble swimmer 1), tentacles
a: no special abilities


You were on level 2 of the Dungeon.
You visited 1 branch of the dungeon, and saw 2 of its levels.

You collected 60 gold pieces.

Inventory:

Hand Weapons
 d - a +0 short sword
Missiles
 e - 24 stones (quivered)
Armour
 a - a +0 buckler (worn)
Jewellery
 h - a ring of positive energy (left tentacle)
Scrolls
 c - a scroll of identify {unknown}
 f - a scroll of teleportation {unknown}
 i - a scroll of fog {unknown}
 j - a scroll of revelation {unknown}
Potions
 k - a potion of haste {unknown}


   Skills:
 + Level 3.8 Fighting
 - Level 3.0 Dodging
 - Level 3.0 Shields
 * Level 3.8 Unarmed Combat


You had 3 spell levels left.
You didn't know any spells.
Your spell library contained the following spells:

 Spells                   Type           Power      Damage    Failure   Level
 Ensorcelled Hibernation  Hex/Ice        0%         N/A       58%         2
 Fugue of the Fallen      Necr           0%         N/A       83%         3
 Summon Ice Beast         Ice/Summ       0%         N/A       83%         3
 Anguish                  Hex/Necr       0%         N/A       99%         4
 Summon Mana Viper        Hex/Summ       0%         N/A       100%        5
 Monstrous Menagerie      Summ           0%         N/A       100%        7


Dungeon Overview and Level Annotations

Branches:
Dungeon (2/15)

Altars:

Shops:
D:1 ?

Annotations:
D:2 Terence


Innate Abilities, Weirdness & Mutations

You cannot wear most types of armour.
You are amphibious.
You can wear up to eight rings at the same time.
Your skin changes colour to match your surroundings (Stealth+).
Your rubbery body absorbs attacks. (AC +1, EV +1)
((You are camouflaged when in or above water. (Stealth+)))
You have tentacles for arms and can constrict up to eight enemies at once.


Message History

You squeeze the ribbon worm.
The ribbon worm is severely wounded.
You constrict the ribbon worm, but do no damage.
The ribbon worm bites you but does no damage.
You bludgeon the ribbon worm!
The ribbon worm is almost dead.
You constrict the ribbon worm.
You kill the ribbon worm!
Throw: 25 stones
Press: ? - help, Q - select action Shift-Dir - straight line, f - Terence
Aim: Terence, wielding a +0 short sword of venom and wearing a +0 chain mail (62% to hit)
You throw a stone. The stone hits Terence.
Terence is lightly wounded.
Terence barely misses you.
You tentacle-slap Terence. Your grab misses Terence.
Terence is moderately wounded.
Terence hits you with a +0 short sword of venom.
You are poisoned.
Okay, then.
You feel very mighty all of a sudden.
You feel very sick.
Terence hits you with a +0 short sword of venom.
You are lethally poisoned!
You barely miss Terence. You grab Terence.
Terence is moderately wounded.
You constrict Terence.
You feel very sick.
Terence hits you with a +0 short sword of venom.
* * * LOW HITPOINT WARNING * * *
You are more poisoned.
It was a potion of cancellation.
Your magical effects are unravelling.
You feel magically purged.
You feel a little less mighty now.
You constrict Terence, but do no damage.
* * * LOW HITPOINT WARNING * * *
You feel very sick.
Terence hits you with a +0 short sword of venom.
You die...
Terence says, "Rest in peace."

.. ##......#
...
.#.......#
...#
......ß..#
...#
.##......#
#..# ##.....#
####.## #)#
#######.###.#
.......@....#
#######@#####
#.# #.# ...
#.# ..# ...


You could see Terence.

Vanquished Creatures
  An adder (D:2)
  A ribbon worm (D:2)
  A dart slug (D:2)
  5 ball pythons
  11 endoplasms
  4 goblins
  4 hobgoblins
  2 kobolds (D:1)
  A quokka (D:1)
  A bat (D:1)
  2 frilled lizards (D:1)
  A giant cockroach zombie (D:2)
  4 rats
38 creatures vanquished.

Notes
Turn   | Place    | Note
-------+----------+-------------------------------------------
     0 | D:1      | IdlyInterested the Octopode Fighter began the quest for the
                  | Orb.
     0 | D:1      | Reached XP level 1. HP: 16/16 MP: 1/1
    84 | D:1      | Reached XP level 2. HP: 20/21 MP: 2/2
   232 | D:1      | Reached XP level 3. HP: 24/26 MP: 3/3
   477 | D:1      | Found Koebofoe's Magic Scroll Boutique.
   746 | D:2      | Reached XP level 4. HP: 20/32 MP: 4/4
   750 | D:2      | HP: 1/32 [adder (1)]
   893 | D:2      | Noticed Terence
   906 | D:2      | Slain by Terence

Illustrated notes

Levels and vault maps discovered:
D:1:      lemuel_arrival_muddy, layout_loops_ring, serial_shops,
          nicolae_square_shop
D:2:      layout_basic, hellmonk_ecumenical_altar_pennies_from_heaven,
          serial_undead, serial_undead_d, serial_undead_d, serial_undead_f,
          serial_undead_a, serial_undead_d, grunt_decor_arrowhead, hex_medium,
          serial_bayou_lagoon_a, uniq_terence

Skill      XL: |  1  2 |
---------------+-------+-----
Unarmed Combat | 3 |  3.8
Fighting       | |  3.8
Dodging        | |  3.0
Shields        | |  3.0

Action                     |  1- 3 |  4- 6 || total
---------------------------+-------+-------++-------
  Melee: Unarmed           |    65 |    20 ||    85
         Constrict         |    14 |     5 ||    19
         Tentacles         |    17 |     8 ||    25
  Throw: Stone             |       |     1 ||     1
    Use: Potion            |       |     3 ||     3
   Stab: Sleeping          |     6 |       ||     6
 Armour: Skin              |    18 |    18 ||    36
  Dodge: Dodged            |    42 |    11 ||    53
  Block: Buckler           |    12 |     6 ||    18

Table legend: (Time is in decaauts)
 A = Elapsed time spent in this place.
 B = Non-inter-level travel time spent in this place.
 C = Inter-level travel time spent in this place.
 D = Time resting spent in this place.
 E = Time spent auto-exploring this place.
 F = Levels seen in this place.
 G = Mean time per level.
                   A        B        C        D        E       F      G
               +--------+--------+--------+--------+--------+-----+--------+
         Total |    904 |    876 |     28 |    132 |    496 |   2 |  452.0 |
       Dungeon |    904 |    876 |     28 |    132 |    496 |   2 |  452.0 |
               +--------+--------+--------+--------+--------+-----+--------+

Top non-repeatable levels by time:
     D:1: 701 daAuts
     D:2: 203 daAuts
